 Dungeon Crawl Stone Soup version 0.29.1-15-g9cfb28693d (webtiles) character file.

Game seed: 4967446370102573508

58 hawla the Firebug (level 4, -9/33 HPs)
             Began as a Meteoran Fire Elementalist on May 1, 2023.
             Shot with an arrow by a centaur (11 damage)
             ... on level 4 of the Dungeon.
             The game lasted 00:04:11 (882 turns).

hawla the Firebug (Meteoran Fire Elementalist)       Turns: 882, Time: 00:04:12

Health: -9/33      AC:  3    Str: 10    XL:     4   Next: 43%
Magic:  5/10       EV: 12    Int: 18    God:
Gold:   84         SH:  0    Dex: 14    Spells: 7/10 levels left

rFire   . . .      SeeInvis .   i - staff of air
rCold   . . .      Faith    .   (no shield)
rNeg    . . .      Spirit   .   a - +0 robe
rPois   .          Reflect  .   h - +0 helmet
rElec   +          Harm     .   (no cloak)
rCorr   .          Rampage  .   (no gloves)
Will    .....                   (no boots)
Stlth   +.........              (no amulet)
HPRegen 0.11/turn               (no ring)
MPRegen 0.12/turn               (no ring)

@: glowing
A: sense surroundings 1, otherworldly, glowing, explore regen
a: no special abilities


You were on level 4 of the Dungeon.
You visited 1 branch of the dungeon, and saw 4 of its levels.

You collected 84 gold pieces.

Inventory:

Hand Weapons
 f - a +2 dagger of venom
Armour
 a - a +0 robe (worn)
 h - a +0 helmet (worn)
Magical Staves
 i - a staff of air (weapon)
Jewellery
 m - an amulet of guardian spirit
Scrolls
 g - 2 scrolls of fear
 j - a scroll of teleportation {unknown}
 k - a scroll of identify {unknown}
 l - a scroll of enchant armour {unknown}
Potions
 b - a potion of magic
 c - a potion of attraction {unknown}
 d - a potion of lignification {unknown}
 e - a potion of degeneration {unknown}


   Skills:
 - Level 0.1 Fighting
 - Level 0.2 Short Blades
 - Level 2.6 Dodging
 - Level 1.4 Stealth
 - Level 3.6 Spellcasting
 - Level 1.5 Conjurations
 - Level 4.6 Fire Magic
 + Level 0.6 Air Magic
 + Level 0.6 Evocations


You had 7 spell levels left.
You knew the following spells:

 Your Spells              Type           Power      Damage    Failure   Level
a - Foxfire               Conj/Fire      56%        2x1d6     4%          1
b - Scorch                Fire           38%        2d7       3%          2

Your spell library contained the following spells:

 Spells                   Type           Power      Damage    Failure   Level
 Conjure Flame            Conj/Fire      14%        6-21      13%         3
 Inner Flame              Hex/Fire       11%        N/A       19%         3
 Flame Wave               Conj/Fire      14%        2d6       38%         4


Dungeon Overview and Level Annotations

Branches:
Dungeon (4/15) Zot: 1518
 Temple: D:4-7

Altars:

Shops:
D:1 !


Innate Abilities, Weirdness & Mutations

You passively map a small area around you.
You are easily found by Zot.
You glow in the dark.
You regain HP and MP as you explore.


Message History

The foxfire hits the centaur but does no damage.
The centaur is lightly wounded.
Casting: Foxfire (safe; 4% risk of failure)
Confirm with . or Enter, or press ? or * to list all spells.
You conjure some foxfire!
The foxfire hits the centaur but does no damage.
The centaur is lightly wounded.
The foxfire hits the centaur.
The centaur is heavily wounded.
Casting: Foxfire (safe; 4% risk of failure)
Confirm with . or Enter, or press ? or * to list all spells.
You conjure some foxfire!
The foxfire hits the centaur.
The centaur is severely wounded.
The foxfire hits the centaur but does no damage.
The centaur is severely wounded.
Casting: Foxfire (safe; 4% risk of failure)
Confirm with . or Enter, or press ? or * to list all spells.
You conjure some foxfire!
The foxfire hits the centaur but does no damage.
The centaur is severely wounded.
The foxfire hits the centaur.
The centaur is severely wounded.
The centaur shoots an arrow.
The arrow hits you!
Casting: Foxfire (safe; 4% risk of failure)
Confirm with . or Enter, or press ? or * to list all spells.
You conjure some foxfire!
The foxfire hits the centaur.
The centaur is severely wounded.
The foxfire hits the centaur.
The centaur is severely wounded.
The centaur shoots an arrow.
The arrow barely misses you. The arrow closely misses your foxfire.
Casting: Foxfire (safe; 4% risk of failure)
Confirm with . or Enter, or press ? or * to list all spells.
You don't know that spell.
The centaur shoots an arrow.
The arrow hits you!
* * * LOW HITPOINT WARNING * * *
The foxfire hits the centaur but does no damage.
The centaur is severely wounded.
The centaur shoots an arrow.
The arrow hits you!
You die...

,
##...........###....###
##...[......†.# ###.....
#.............# ##......
,.............##
#....... .............#
##....... ,
............####........
........§§..............
.....cv§§§..............
.......@§§..............
#........#####..........
##.......# #.........# *
##......# .........## ,
###..#..* *.......### **
, ....... ..####
........ * ##### ##.. *


You could see a centaur (ally target).

Vanquished Creatures
  Natasha (D:2)
  An adder (D:4)
  3 goblins
  3 hobgoblins (D:1)
  6 kobolds
  3 ball pythons
  2 bats
  2 frilled lizards
  5 rats
26 creatures vanquished.

Vanquished Creatures (others)
  39 foxfires
39 creatures vanquished.

Grand Total: 65 creatures vanquished

Notes
Turn   | Place    | Note
-------+----------+-------------------------------------------
     0 | D:1      | hawla the Meteoran Fire Elementalist began the quest for
                  | the Orb.
     0 | D:1      | Reached XP level 1. HP: 14/14 MP: 5/5
    86 | D:1      | Reached XP level 2. HP: 20/20 MP: 4/6
   135 | D:1      | Reached skill level 4 in Fire Magic
   159 | D:1      | Learned a level 2 spell: Scorch
   247 | D:1      | Found Luamekk's Distillery.
   452 | D:1      | Reached XP level 3. HP: 26/26 MP: 8/8
   500 | D:1      | Glimpsed the power of Zot.
   550 | D:1      | Glimpsed the power of Zot.
   646 | D:2      | Noticed Natasha
   650 | D:2      | Killed Natasha
   651 | D:2      | Reached XP level 4. HP: 27/33 MP: 3/10
   874 | D:4      | Noticed a centaur
   882 | D:4      | Shot with an arrow by a centaur

Illustrated notes

Levels and vault maps discovered:
D:1:      tarquinn_simple_flora_water_f, layout_loops_ring,
          dreamdust_ecumenical_altar_angels_and_demons, serial_shops,
          nicolae_shop_crystal, patterned_corridor
D:2:      layout_loops_ring, st_stairs_7, minmay_misc_feat_rugged,
          minmay_misc_feat_tower, uniq_natasha
D:3:      layout_basic, mainiacjoe_overflow_cross_hatched,
          nicolae_uskayaw_murder_on_the_dancefloor, nrook_mini_vaults,
          hangedman_abyss_or_decor_lesser_grid, minmay_misc_feat_plants
D:4:      layout_cave_pods, gammafunk_ghost_split

Skill      XL: |  1  2 |
---------------+-------+-----
Spellcasting   | 3 |  3.6
Fire Magic     | 4 |  4.6
Fighting       | |  0.1
Short Blades   | |  0.2
Dodging        | |  2.6
Stealth        | |  1.4
Conjurations   | |  1.5
Air Magic      | |  0.6
Evocations     | |  0.6

Action                   |  1- 3 |  4- 6 || total
-------------------------+-------+-------++-------
Melee: Unarmed           |     2 |       ||     2
       Dagger            |    21 |     2 ||    23
 Cast: Foxfire           |    18 |     8 ||    26
       Scorch            |     5 |     2 ||     7
  Use: Scroll            |     2 |     2 ||     4
Armor: Robe              |     9 |       ||     9
Dodge: Dodged            |     9 |     4 ||    13
